 Dungeon Crawl Stone Soup version 0.30-a0-605-gb2882149bf (webtiles) character file.

Game seed: 5711199780754237753

849 Zonian the Sneak (level 8, -10/38 (42) HPs)
             Began as a Vine Stalker Brigand on Jan 7, 2023.
             Was a Believer of Uskayaw.
             Mangled by a wight
             ... wielding a +2 battleaxe
              (14 damage)
             ... on level 5 of the Dungeon.
             The game lasted 00:22:15 (7965 turns).

Zonian the Sneak (Vine Stalker Brigand)             Turns: 7965, Time: 00:22:16

HP:   -10/38 (42)   AC:  6    Str: 13    XL:     8   Next: 1%
MP:   0/10          EV: 11    Int: 11    God:    Uskayaw [**....]
Gold: 125           SH:  6    Dex: 19    Spells: 7/7 levels left

rFire   . . .      SeeInvis .    y - +1 dagger (freeze)
rCold   . . .      Faith    .    i - +2 buckler
rNeg    . . .      Spirit   +    b - +0 robe
rPois   +          Reflect  .    (no helmet)
rElec   .          Harm     .    c - +0 cloak
rCorr   .          Rampage  .    (no gloves)
Will    +....                    s - +2 pair of boots
Stlth   ++++                     (no amulet)
HPRegen 1.06/turn                u - ring of poison resistance
MPRegen 0.12/turn                (no ring)

@: about to teleport, drained
A: fangs 3, regeneration 1, magic shield, antimagic bite, no potion heal 2
a: Renounce Religion, Stomp, Line Pass


You were on level 5 of the Dungeon.
You worshipped Uskayaw.
Uskayaw was noncommittal.
You visited 2 branches of the dungeon, and saw 7 of its levels.
You also visited: Ossuary.

You collected 345 gold pieces.
You spent 220 gold pieces at shops.

Inventory:

Hand Weapons
 a - a +2 heavy dagger
 h - a +0 short sword
 o - a +1 heavy falchion
 y - a +1 dagger of freezing (weapon)
Missiles
 d - 17 poisoned darts (quivered)
 e - 3 curare-tipped darts
 l - 6 javelins
 B - a throwing net
Armour
 b - a +0 robe (worn)
 c - a +0 cloak (worn)
 i - a +2 buckler (worn)
 s - a +2 pair of boots (worn)
Jewellery
 u - a ring of poison resistance (left hand)
Wands
 t - a wand of paralysis (6)
Scrolls
 j - 4 scrolls of immolation
 m - a scroll of poison
 n - a scroll of fear
Potions
 g - a potion of mutation
 p - a potion of resistance {unknown}
 q - a potion of ambrosia {unknown}
 r - 2 potions of curing
 v - 4 potions of degeneration {unknown}
 w - a potion of haste
 x - 2 potions of lignification
 z - 3 potions of attraction
 A - a potion of magic {unknown}


   Skills:
 - Level 4.5 Fighting
 + Level 5.9 Short Blades
 - Level 1.9 Throwing
 - Level 1.0 Dodging
 - Level 6.3 Stealth
 + Level 1.7 Invocations


You had 7 spell levels left.
You didn't know any spells.
Your spell library contained the following spells:

 Spells                   Type           Power      Damage    Failure   Level
 Sublimation of Blood     Necr           0%         N/A       58%         2
 Ozocubu's Armour         Ice            0%         N/A       82%         3
 Petrify                  Tmut/Erth      0%         N/A       99%         4
 Irradiate                Conj/Tmut      0%         3d11      100%        5
 Metabolic Englaciation   Hex/Ice        0%         N/A       100%        5
 Simulacrum               Ice/Necr       0%         N/A       100%        6


Dungeon Overview and Level Annotations

Branches:
Dungeon (6/15)             Temple (1/1) D:5         Ossuary (visited)

Altars:
Cheibriados
Dithmenos
Fedhas
Gozag
Hepliaklqana
Kikubaaqudgha
Nemelex Xobeh
Okawaru
Qazlal
Ru
Trog
Uskayaw
Vehumet
Wu Jian
Xom
Yredelemnul
Zin
The Shining One

Shops:
D:2 =*[*(   D:5 *:=([

Annotations:
D:4 Pikel
D:5 Edmund


Innate Abilities, Weirdness & Mutations

You have razor-sharp teeth.
Your natural rate of healing is unusually fast.
When hurt, damage is shared between your health and your magic reserves.
Your bite disrupts and absorbs the magic of your enemies.
Potions cannot restore your health.


Message History

The wight is lightly damaged.
The wight closely misses you.
You barely miss the wight.
The wight is lightly damaged.
The wight barely misses you.
You barely miss the wight. Your bite misses the wight.
The wight is lightly damaged.
You hit the wight but do no damage. You bite the wight, but do no damage.
The wight is lightly damaged.
The wight closely misses you.
You hit the wight but do no damage. Your bite misses the wight.
The wight is lightly damaged.
The wight misses you.
You hit the wight but do no damage. Your bite misses the wight.
The wight is lightly damaged.
The wight hits you with a +2 battleaxe!
You closely miss the wight.
The wight is lightly damaged.
You can no longer pass through a line of other dancers.
You completely miss the wight. Your bite misses the wight.
The wight is lightly damaged.
The wight hits you with a +2 battleaxe!
You hit the wight. You bite the wight, but do no damage.
The wight is moderately damaged.
The wight misses you.
You hit the wight. You bite the wight, but do no damage.
The wight is moderately damaged.
The wight closely misses you.
You can now pass through a line of other dancers.
You barely miss the wight.
The wight is moderately damaged.
You hit the wight.
The wight is heavily damaged.
The wight hits you with a +2 battleaxe.
You feel drained.
As you read the scroll of teleportation, it crumbles to dust.
You feel strangely unstable. The wight hits you with a +2 battleaxe!
* * * LOW HITPOINT WARNING * * *
Unknown command.
The wight attacks as you move away! The wight hits you with a +2 battleaxe!
You die...

.#.....))'......# #.#.####......
.#.....).###########.#....###.###
.#.......[)..........#..#........
.#.......############......######
.#?......# #........#.#....###
.#.############.####...#.###.....
.#. ............##...###...
################..#...#........#.
............#...@#...##..>..##...
###########.#.##z#.#........#...'
#.#....#...###...##...# #.#
#..##....###.#.....
#.#.#..........#.#.....
#.#....###'###......... #.#.#..#
#.# #..#......
#.#.#..###.###....#....
#.#...............+....


You could see a wight.

Vanquished Creatures
  An ice beast (D:5)
  A phantom (D:5)
  2 lemures (D:3)
  2 water moccasin zombies (Ossuary)
  A wight (D:6)
  A hound (D:2)
  An orc priest (D:5)
  5 iguanas
  2 orc wizards (D:5)
  2 mummies (Ossuary)
  7 gnolls
  6 adders
  4 adder zombies (Ossuary)
  2 worms
  4 dart slugs
  3 orcs
  6 ball pythons
  7 endoplasms
  5 giant cockroaches
  4 gnoll zombies (Ossuary)
  4 goblins
  8 hobgoblins
  9 jackals
  5 quokkas
  6 bats
  3 frilled lizards
  5 hobgoblin zombies (Ossuary)
  4 kobolds
  8 kobold zombies (Ossuary)
  5 orc zombies (Ossuary)
  4 rats
127 creatures vanquished.

Notes
Turn   | Place    | Note
-------+----------+-------------------------------------------
     0 | D:1      | Zonian the Vine Stalker Brigand began the quest for the
                  | Orb.
     0 | D:1      | Reached XP level 1. HP: 11/11 MP: 2/2
   205 | D:1      | Reached skill level 1 in Dodging
   205 | D:1      | Reached XP level 2. HP: 15/15 MP: 3/3
   252 | D:1      | Reached skill level 5 in Stealth
   861 | D:2      | Found Opreqo Monn's General Store.
   906 | D:2      | Reached XP level 3. HP: 11/18 MP: 4/4
  1031 | D:2      | Found Beckoneqo's Weapon Shop.
  1079 | D:2      | Found Zyonorech's Antique Armour Shop.
  1104 | D:2      | Gained mutation: Your natural rate of healing is unusually
                  | fast. [Vine Stalker growth]
  1104 | D:2      | Reached XP level 4. HP: 9/23 MP: 1/5
  1226 | D:2      | Found Wuhej's Jewellery Shoppe.
  1344 | D:2      | Found Velewasm's Assorted Antiques.
  1839 | D:3      | Reached XP level 5. HP: 28/28 MP: 4/6
  1860 | D:3      | Reached skill level 6 in Stealth
  1921 | D:3      | Found an iron altar of Okawaru.
  2297 | D:3      | Found a blossoming altar of Fedhas.
  2484 | D:3      | Found a faded altar of an unknown god.
  2955 | D:3      | Found a hide-covered altar of Uskayaw.
  2996 | D:3      | Found a sparkling altar of Nemelex Xobeh.
  2996 | D:3      | Found a transporter.
  3116 | D:4      | Found a stormy altar of Qazlal.
  3133 | D:4      | Found an ornate altar of the Wu Jian Council.
  3224 | D:4      | Noticed Pikel
  3224 | D:4      | Noticed a lemure
  3224 | D:4      | Noticed a lemure
  3224 | D:4      | Noticed a lemure
  3224 | D:4      | Noticed a lemure
  3255 | D:4      | Found a sand-covered staircase.
  3260 | Ossuary  | Entered an ossuary
  3292 | Ossuary  | Reached XP level 6. HP: 17/32 MP: 7/7
  4800 | D:2      | Bought a ring of poison resistance for 220 gold pieces
  5294 | D:5      | Entered Level 5 of the Dungeon
  5294 | D:5      | Found Jicseu's Book Shoppe.
  5296 | D:5      | Reached XP level 7. HP: 37/37 MP: 8/8
  5300 | D:5      | Found Ogyhaph's Jewellery Shoppe.
  5302 | D:5      | Found Foimeici's Armour Shoppe.
  5576 | D:5      | Found Kejuo's Antique Weapon Shoppe.
  5735 | D:5      | Found Keugg's Elemental Accessories.
  5749 | D:5      | Found a staircase to the Ecumenical Temple.
  6060 | D:5      | Reached skill level 5 in Short Blades
  6440 | Temple   | Entered the Ecumenical Temple
  6956 | D:3      | Became a worshipper of Uskayaw the Reveller
  7002 | D:4      | Reached * piety under Uskayaw
  7026 | D:3      | Reached ** piety under Uskayaw
  7421 | D:5      | Noticed Edmund
  7578 | D:5      | Reached *** piety under Uskayaw
  7584 | D:5      | Reached **** piety under Uskayaw
  7587 | D:5      | Reached skill level 1 in Invocations
  7949 | D:6      | Gained mutation: You have razor-sharp teeth. [Vine Stalker
                  | growth]
  7949 | D:6      | Reached XP level 8. HP: 42/42 MP: 8/10
  7965 | D:5      | Mangled by a wight

Illustrated notes

Levels and vault maps discovered:
D:1:      dpeg_arrival_another_circle, layout_basic
D:2:      layout_rooms, serial_shops, shop, shop,
          nicolae_shop_bloodbath_and_beyond, nicolae_shop_behind_doors,
          shop_statue, corexii_item_surrounded_by_moat
D:3:      layout_loops_ring, nicolae_uskayaw_suspiria,
          mainiacjoe_overflow_catch_the_wave, grunt_nemelex_the_gamble,
          shapermc_ecumenical_altar_acropolis, minmay_puff
D:4:      layout_basic, mainiacjoe_overflow_brackets,
          nicolae_wu_jian_wuxing_cycle, enter_ossuary_5, uniq_pikel
D:5:      layout_basic, minmay_temple_entry_slanted, nicolae_elemental_shop,
          minmay_shop_grid_forest, grunt_decor_junction, hangedman_decor_points,
          uniq_edmund
D:6:      cheibrodos_barr_body, layout_basic, elyvilon_altar_1
Temple:   nicolae_temple_slightly_damp_pantheon

Skill      XL: |  1  2  3  4  5  6  7 |
---------------+----------------------+-----
Dodging        | 1 |  1.0
Stealth        | 5 6 |  6.3
Fighting       | 2 3 4 |  4.5
Short Blades   | 2 3 4 5 |  5.9
Invocations    | 1 |  1.7
Throwing       | |  1.9

Action                   |  1- 3 |  4- 6 |  7- 9 || total
-------------------------+-------+-------+-------++-------
Melee: Dagger            |    93 |   206 |   179 ||   478
       Bite              |    13 |    61 |    52 ||   126
Throw: Dart              |       |     8 |     6 ||    14
       Throwing net      |       |       |     1 ||     1
Evoke: Wand              |       |     2 |     3 ||     5
  Use: Scroll            |       |    18 |     4 ||    22
       Potion            |       |       |     2 ||     2
 Stab: Sleeping          |     5 |    20 |     3 ||    28
       Distracted        |       |     2 |       ||     2
       Paralysed         |       |       |     2 ||     2
Armor: Robe              |    23 |    40 |    26 ||    89
       Skin              |       |       |     4 ||     4
Dodge: Dodged            |    43 |    93 |    60 ||   196
Block: Buckler           |    15 |    41 |    34 ||    90

Table legend: (Time is in decaauts)
 A = Elapsed time spent in this place.
 B = Non-inter-level travel time spent in this place.
 C = Inter-level travel time spent in this place.
 D = Time resting spent in this place.
 E = Time spent auto-exploring this place.
 F = Levels seen in this place.
 G = Mean time per level.
                   A        B        C        D        E       F      G
               +--------+--------+--------+--------+--------+-----+--------+
         Total |   7964 |   7563 |    401 |   2816 |   2459 |   8 |  995.5 |
       Dungeon |   6407 |   6006 |    401 |   1795 |   2303 |   6 | 1067.8 |
        Temple |    423 |    423 |      0 |    119 |    156 |   1 |  423.0 |
       Ossuary |   1133 |   1133 |      0 |    902 |      0 |   1 | 1133.0 |
               +--------+--------+--------+--------+--------+-----+--------+

Top non-repeatable levels by time:
     D:3: 2439 daAuts
     D:5: 1537 daAuts
 Ossuary: 1133 daAuts
     D:4: 979 daAuts
     D:1: 822 daAuts
     D:2: 627 daAuts
  Temple: 423 daAuts
     D:6: 2 daAuts
